 Dungeon Crawl Stone Soup version 0.31.0 (webtiles) character file.

Game seed: 15801765373958366808

23 qw the Shooter (level 2, -1/17 HPs)
             Began as a Gargoyle Hunter on Jan 20, 2024.
             Slain by Natasha (3 damage)
             ... on level 2 of the Dungeon.
             The game lasted 00:00:03 (974 turns).

qw the Shooter (Gargoyle Hunter)                     Turns: 974, Time: 00:00:03

Health: -1/17      AC:  8    Str: 14    XL:     2   Next: 95%
Magic:  2/2        EV: 10    Int:  9    God:
Gold:   83         SH:  0    Dex: 13    Spells: 1/1 levels left

rFire   . . .        a - +0 shortbow
rCold   . . .        (shield currently unavailable)
rNeg    + . .        i - +0 ring mail
rPois   inf          (no helmet)
rElec   +            (no cloak)
rCorr   .            (no gloves)
SInv    .            d - +0 pair of boots
Will    .....        (no amulet)
Stlth   +            (no ring)
HPRegen 0.22/turn    (no ring)
MPRegen 0.08/turn

%: no passive effects
@: no status effects
A: sickness immunity, AC +2, negative energy resistance 1, electricity
resistance, torment resistance 1, petrification resistance
a: no special abilities


You were on level 2 of the Dungeon.
You visited 1 branch of the dungeon, and saw 2 of its levels.

You collected 83 gold pieces.


Innate Abilities, Weirdness & Mutations

You are immune to sickness and miasma.
Your stone body is resilient. (AC +2)
You are immune to poison.
You resist negative energy. (rN+)
You are resistant to electric shocks. (rElec)
You are resistant to unholy torment.
You are immune to petrification.


   Skills:
 - Level 2.1 Fighting
 - Level 4.8 Ranged Weapons
 + Level 0.4 Armour
 - Level 1.5 Dodging
 - Level 1.1 Stealth


You had one spell level left.
You didn't know any spells.
Your spell library was empty.

Inventory:

Hand Weapons
 a - a +0 shortbow (weapon)
Armour
 d - a +0 pair of boots (worn)
 i - a +0 ring mail (worn)
Scrolls
 b - a scroll of enchant armour {unknown}
 g - 3 scrolls of identify
Potions
 c - a potion of ambrosia {unknown}
 e - a potion of curing {unknown}
 h - a potion of mutation

Dungeon Overview and Level Annotations

Branches:
Dungeon (2/15)

Altars:

Shops:
D:1 *

Annotations:
D:2 Natasha


Message History

You shoot an arrow.
The arrow hits the cerulean imp but does no damage.
The cerulean imp is moderately wounded.
The cerulean imp hits you but does no damage.
The cerulean imp closely misses you.
You shoot an arrow. The arrow hits the cerulean imp.
The cerulean imp is almost dead.
The cerulean imp hits you from afar with a +2 spear.
You shoot an arrow. The arrow hits the cerulean imp.
You kill the cerulean imp!
The cerulean imp disappears in a puff of smoke!
The cerulean imp closely misses you.
You shoot an arrow.
The arrow closely misses the cerulean imp.
The cerulean imp hits you from afar with a +1 spear.
You shoot an arrow. The arrow hits the cerulean imp.
The cerulean imp is heavily wounded.
The cerulean imp hits you from afar with a +1 spear.
You shoot an arrow.
The arrow barely misses the cerulean imp.
The cerulean imp disappears in a puff of smoke!
You shoot an arrow.
The arrow hits Natasha but does no damage.
Natasha is lightly wounded.
Natasha claws you.
You shoot an arrow. The arrow closely misses Natasha.
Natasha barely misses you.
You shoot an arrow. The arrow hits Natasha.
Natasha is lightly wounded.
Natasha extends her claws.
Natasha claws you but does no damage. Natasha claws you.
You shoot an arrow. The arrow barely misses Natasha.
Natasha barely misses you.
You shoot an arrow. The arrow hits Natasha.
Natasha is lightly wounded.
Natasha claws you but does no damage.
You shoot an arrow. The arrow closely misses Natasha.
Natasha claws you.
You die...
Natasha curls up and begins to purr.

#........#.......##
#........#.......###
##########.......<.#
#.......#.#
#.........#
#########
#.......###
....h...#
......#....## #h#
########.#...#
#@####............
#....#.##.........
####.#.#......#...
#.#.######....#
#........<.##..
###.#......#...
###........#...
#..............
#.....######...


You could see Natasha.

Vanquished Creatures
  4 ball pythons
  A bat (D:1)
  2 endoplasms
  A giant cockroach (D:1)
  2 hobgoblins (D:1)
  3 jackals (D:1)
  A quokka (D:1)
  2 frilled lizards (D:1)
  2 goblins (D:1)
  2 kobolds (D:1)
  A rat (D:2)
21 creatures vanquished.

Notes
Turn   | Place    | Note
-------+----------+-------------------------------------------
     0 | D:1      | qw the Gargoyle Hunter began the quest for the Orb.
     0 | D:1      | Reached XP level 1. HP: 12/12 MP: 1/1
     0 | D:1      | 0 ||| qw: Version: 0.3-a-132-g3d54051
     0 | D:1      | 0 ||| qw: Game counter: 449
     0 | D:1      | 0 ||| qw: Melee chars always use a shield: true
     0 | D:1      | 0 ||| qw: God list: Okawaru
     0 | D:1      | 0 ||| qw: Allow faded altars: false
     0 | D:1      | 0 ||| qw: Do Orc after clearing Dungeon:15 true
     0 | D:1      | 0 ||| qw: Do second Lair branch before Depths: true
     0 | D:1      | 0 ||| qw: Lair rune preference: random
     0 | D:1      | 0 ||| qw: Goals: Normal
     0 | D:1      | 0 ||| PLANNING D:1-11
   133 | D:1      | Reached XP level 2. HP: 16/17 MP: 2/2
   168 | D:1      | Found Qummeyn's Assorted Antiques.
   174 | D:1      | 174 ||| SHOPLISTING scroll labelled RAKUTY QITIT (21 gold,
                  | have 9).
   174 | D:1      | 174 ||| SHOPLISTING scroll labelled TUETOA ECSAPN (21 gold,
                  | have 9).
   174 | D:1      | 174 ||| SHOPLISTING scroll labelled VAXAZO KAXTOAF (21
                  | gold, have 9).
   773 | D:1      | Found a faded altar of an unknown god.
   777 | D:1      | 777 ||| UPGRADING to +0 pair of boots.
   782 | D:1      | 782 ||| UPGRADING to +0 ring mail.
   792 | D:1      | 792 ||| DROPPING +0 leather armour.
   793 | D:1      | 793 ||| READING 2 scrolls labelled GUUM GELEUSOQA.
   794 | D:1      | 794 ||| READING scroll labelled TUETOA ECSAPN.
   797 | D:1      | 797 ||| READING 2 scrolls labelled JAJEJ MAWN.
   797 | D:1      | 797 ||| IDENTIFYING brown potion
   798 | D:1      | 798 ||| DROPPING scroll of butterflies.
   799 | D:1      | 799 ||| DROPPING scroll of fear.
   952 | D:2      | Noticed Natasha
   958 | D:2      | 958 ||| RETREEEEATING.
   967 | D:2      | HP: 2/17 [cerulean imp/+1 spear[Natasha] (3)]
   974 | D:2      | Slain by Natasha

Levels and vault maps discovered:
D:1:      minmay_arrival_three_doors, layout_loops_ring, serial_shops,
          shop_statue, dreamdust_ecumenical_altar_angels_and_demons
D:2:      layout_basic, uniq_natasha

Action                     || total
---------------------------++-------
   Fire: Shortbow          ||    80
    Use: Scroll            ||     3
 Armour: Leather armour    ||    13
         Ring mail         ||    18
  Dodge: Dodged            ||    28

Table legend:
 A = Non-vault XP
 B = Vault XP
 C = Vault XP percentage of total XP
 D = Non-vault monster count
 E = Vault monster count
 F = Vault count percentage of total count
                 A         B        C        D         E       F
            +---------+---------+-------+---------+---------+-------
      Total |      33 |       0 |   0.0 |      21 |       0 |   0.0
            +---------+---------+-------+---------+---------+-------
        D:1 |      29 |       0 |   0.0 |      18 |       0 |   0.0
        D:2 |       4 |       0 |   0.0 |       3 |       0 |   0.0
            +---------+---------+-------+---------+---------+-------
